 Dungeon Crawl Stone Soup version 0.23.2-1-ga50397a (webtiles) character file.

Game seed: 2338202319807791071

205189 Kairos the Warrior (level 19, -2/146 HPs)
             Began as a Formicid Fighter on Apr 18, 2019.
             Was an Initiate of Gozag.
             Drowned by a water elemental (9 damage)
             ... on level 3 of the Shoals on Apr 19, 2019.
             The game lasted 01:38:08 (35097 turns).

Kairos the Warrior (Formicid Fighter)              Turns: 35097, Time: 01:38:09

Health: -2/146     AC: 23    Str: 24 (26) XL:     19   Next: 38%
Magic:  40/40      EV:  9    Int: 12 (14) God:    Gozag
Gold:   1300       SH:  0    Dex:  7 (10) Spells: 32/35 levels left

rFire    + . .     SeeInvis +   T - +1 lajatang (flame)
rCold    . . .     Gourm    .   c - +0 large shield
rNeg     + + .     Faith    .   Y - +0 plate armour of Nuafrid {rPois MR+}
rPois    +         Spirit   .   (helmet unavailable)
rElec    .         Reflect  +   a - +0 cloak
rCorr    .         Harm     .   E - +1 pair of gloves of the Villain {rN++ Int+3}
MR       +++..                  M - +0 pair of boots of the Journeyman {MR+ MP+9 SInv}
Stlth    ..........             u - +2 amulet of reflection
HPRegen  1.34/turn              j - +3 ring of slaying
MPRegen  0.27/turn              W - ring of protection from fire

@: confused, engulfed (cannot breathe), regenerating, studying Throwing
A: permanent stasis, dig shafts and tunnels, four strong arms, antennae 3,
deterioration 1, frail 1, sense surroundings 2
}: 1/15 runes: serpentine
a: Dig, Shaft Self, Potion Petition, Call Merchant, Bribe Branch, Renounce
Religion


You were on level 3 of the Shoals.
You worshipped Gozag.
Gozag was most pleased with you.
You were not hungry.

You visited 5 branches of the dungeon, and saw 26 of its levels.
You also visited: Volcano.

You collected 9396 gold pieces.
You spent 2317 gold pieces at shops.
You paid 5779 gold pieces to Gozag.

Inventory:

Hand Weapons
 b - a +0 glaive
 l - a +3 quarterstaff
 z - a +5 quarterstaff of chaos
 T - a +1 lajatang of flaming (weapon)
Missiles
 s - 4 throwing nets (quivered)
Armour
 a - a +0 cloak (worn)
 c - a +0 large shield (worn)
 E - the +1 pair of gloves of the Villain (worn) {rN++ Int+3}
   (You bought it in a shop on level 2 of the Lair of Beasts)

   It affects your intelligence (+3).
   It greatly protects you from negative energy.
 G - a +3 plate armour of fire resistance
 M - the +0 pair of boots of the Journeyman (worn) {MR+ MP+9 SInv}
   (You found it on level 9 of the Dungeon)

   It affects your resistance to hostile enchantments.
   It affects your magic capacity (+9).
   It lets you see invisible.
 N - a +0 plate armour of cold resistance
 Y - the +0 plate armour of Nuafrid (worn) {rPois MR+}
   (You bought it in a shop on level 2 of the Lair of Beasts)

   It protects you from poison.
   It affects your resistance to hostile enchantments.
Jewellery
 j - a +3 ring of slaying (left hand)
 n - an uncursed ring of protection from cold
 u - a +2 amulet of reflection (around neck)
 W - a ring of protection from fire (right hand)
 X - the amulet "Eras" {Acrobat rF+}
   (You bought it in a shop on level 2 of the Lair of Beasts)

   [amulet of the acrobat]

   It helps you evade while moving and waiting.
   It protects you from fire.
 Z - an uncursed ring of wizardry
Wands
 e - a wand of iceblast (18)
 m - a wand of random effects (36)
 w - a wand of digging (10)
 x - a wand of paralysis (5)
 D - a wand of polymorph (25)
 L - a wand of flame (50)
 Q - a wand of acid (7)
Scrolls
 i - 6 scrolls of remove curse
 o - 4 scrolls of fog
 t - a scroll of vulnerability
 v - a scroll of brand weapon {unknown}
 y - a scroll of immolation {unknown}
 A - 4 scrolls of magic mapping
 C - 3 scrolls of amnesia {unknown}
 F - 7 scrolls of enchant armour
 P - a scroll of blinking {unknown}
Potions
 d - 2 potions of might
 g - 3 potions of flight
 h - 4 potions of lignification
 k - 7 potions of curing
 q - a potion of degeneration
 r - 4 potions of cancellation
 B - 5 potions of agility
 H - 3 potions of resistance
 K - 2 potions of ambrosia
 O - a potion of magic {unknown}
 R - 5 potions of brilliance
Books
 I - a manual of Throwing
Miscellaneous
 V - a lamp of fire
Comestibles
 f - 12 rations


   Skills:
 + Level 17.8 Fighting
 + Level 0.3(9.3) Polearms
 - Level 13.9(14.0) Staves
 + Level 16.8 Armour
 + Level 5.5 Dodging
 - Level 5.4 Stealth
 - Level 15.0 Shields
 * Level 8.5 Spellcasting
 + Level 7.7 Charms
 + Level 7.5 Necromancy
 + Level 1.1 Evocations


You had 32 spell levels left.
You knew the following spells:

 Your Spells              Type           Power        Failure   Level  Hunger
a - Regeneration          Chrm/Necr      ###.......   13%         3    ##.....

Your spell library contained the following spells:

 Spells                   Type           Power        Failure   Level  Hunger
 Infusion                 Chrm           ###.         4%          1    None
 Song of Slaying          Chrm           ###.....     6%          2    None
 Shroud of Golubria       Chrm/Tloc      ##........   30%         2    None
 Swiftness                Chrm/Air       ##......     30%         2    None
 Spectral Weapon          Hex/Chrm       ##......     52%         3    ##.....
 Summon Small Mammal      Summ           #...         69%         1    None
 Call Imp                 Summ           #.......     83%         2    None
 Passwall                 Tmut/Erth      #.......     83%         2    None
 Call Canine Familiar     Summ           #.......     96%         3    ##.....
 Summon Guardian Golem    Hex/Summ       #.......     96%         3    ##.....
 Iskenderun's Battlesphe  Conj/Chrm      ##......     99%         5    #####..
 Passage of Golubria      Tloc           N/A          100%        4    ####...
 Summon Ice Beast         Ice/Summ       #.......     100%        4    ####...
 Summon Lightning Spire   Summ/Air       #.......     100%        4    ####...
 Bolt of Magma            Conj/Fire/Erth #.........   100%        5    #####..
 Irradiate                Conj/Tmut      #.........   100%        5    #####..
 Lee's Rapid Deconstruct  Erth           #.........   100%        5    #####..
 Venom Bolt               Conj/Pois      #.........   100%        5    #####..
 Darkness                 Hex            #.........   100%        6    #######
 Hydra Form               Tmut           #.........   100%        6    #######
 Invisibility             Hex            #.......     100%        6    #######
 Iron Shot                Conj/Erth      #.........   100%        6    #######
 Statue Form              Tmut/Erth      #........    100%        6    #######
 Dragon Form              Tmut           #.........   100%        7    #######
 Orb of Destruction       Conj           #.........   100%        7    #######
 Spellforged Servitor     Conj/Summ      #.........   100%        7    #######


Dungeon Overview and Level Annotations

Branches:
Dungeon (11/15)            Temple (1/1) D:5            Lair (6/6) D:11
 Shoals (4/4) Lair:3        Snake (4/4) Lair:2        Slime (0/5) Lair:6
    Orc (0/2) D:9

Altars:
Ashenzari
Cheibriados
Elyvilon
Fedhas
Gozag
Hepliaklqana
Kikubaaqudgha
Makhleb
Nemelex Xobeh
Okawaru
Qazlal
Ru
Sif Muna
Trog
Uskayaw
Vehumet
Wu Jian
Xom
Yredelemnul
Zin
Lugonu

Shops:
D:11 [((   Lair:2 *   Snake:3 =   Snake:4 ![:%:

Annotations:
Lair:5 exclusion: 4 oklob plants
Lair:6 exclusion: 3 oklob plants


Innate Abilities, Weirdness & Mutations

You cannot be hasted, slowed, berserked, paralysed or teleported.
You can dig through walls and to a lower floor.
Your four strong arms can wield two-handed weapons with a shield.
You have a pair of large antennae on your head. (SInv)
Your body sometimes deteriorates upon taking damage.
You are frail. (-10% HP)
You passively map the area around you.


Message History

The alligator snapping turtle misses you.
You climb upwards.
* * * LOW HITPOINT WARNING * * *
Your lungs strain for air!
There is a stone staircase leading down here.
Unknown command.
Unknown command.
Okay, then.
Unknown command.
Okay, then.
It was a potion of degeneration.
There was something very wrong with that liquid.
You feel weakened.
You feel dopey.
You feel clumsy.
* * * LOW HITPOINT WARNING * * *
Your lungs strain for air!
You block the water elemental's attack.
You are confused.
You feel invigorated.
You die...
Your body crumbles into a pile of gold.

≈ ≈≈≈≈≈≈≈..## #...##...≈≈≈≈≈
≈
≈≈≈≈≈≈≈≈≈≈.####.......≈≈≈≈≈≈
≈≈≈≈≈≈≈≈≈..#..≈≈..#.≈≈≈≈≈≈≈
≈
≈≈≈≈≈≈≈≈≈≈...≈≈≈..##.≈≈≈≈≈≈
≈
≈≈≈≈≈≈≈≈≈≈.((.≈≈(...≈≈≈≈≈≈≈
≈≈≈≈≈≈≈≈≈(##.)≈≈≈..≈≈≈≈≈≈≈≈
≈
≈≈≈≈≈≈≈≈≈..##(##....≈≈≈.≈≈≈.
≈≈≈≈≈≈≈≈$.t)###.≈≈≈≈≈≈≈≈≈≈ ≈
≈≈≈≈≈≈≈≈E@.....≈≈≈≈....≈≈≈
≈≈≈≈≈≈≈≈)≈...≈≈≈≈.###..≈≈ ≈
≈≈≈.≈≈≈≈≈≈≈..≈≈≈≈.# #.<.≈ ≈
≈≈≈≈≈≈≈≈≈≈..#.≈≈≈.####..≈
≈≈≈≈≈≈≈(≈≈..##≈≈≈..###)≈≈
≈≈≈≈≈≈≈≈≈.≈...≈≈≈.....)≈≈ ≈≈
≈ ≈≈≈≈≈≈≈≈≈≈≈≈≈≈≈≈≈≈≈≈≈.≈≈≈≈
≈ ≈≈≈≈≈≈≈≈≈≈≈≈≈≈≈≈≈≈≈≈≈≈≈≈≈
≈ ≈≈≈≈≈≈≈≈≈≈≈≈≈≈≈≈≈≈≈≈≈≈≈≈≈≈


You could see an alligator snapping turtle and a water elemental.

Vanquished Creatures
  Saint Roka (Snake:4)
  Vashnia (Snake:2)
  A titan (Shoals:3)
  Kirke (Shoals:3)
  Ilsuiw (Shoals:2)
  11 nagarajas
  2 frost giants (Shoals:3)
  Aizul (Snake:1)
  A dire elephant (Lair:6)
  A merfolk javelineer (Shoals:2)
  Snorg (D:11)
  4 merfolk impalers
  9 naga warriors
  Erolcha (D:10)
  An anaconda (shapeshifter) (D:9)
  A catoblepas (Lair:6)
  Erica (D:8)
  An alligator snapping turtle (Shoals:3)
  3 hydras
  A merfolk aquamancer (Shoals:4)
  A two-headed ogre (shapeshifter) (D:10)
  3 merfolk avatars
  A deep troll shaman (Lair:6)
  5 death yaks (Lair:6)
  12 anacondas
  A satyr (Shoals:2)
  8 naga sharpshooters
  A hell knight (Volcano)
  Nergalle (D:11)
  The ghost of Flogoulo the Skirmisher, a novice NaFi (D:8)
  3 shock serpents
  Sonja (D:11)
  4 salamander mystics
  26 sea snakes
  8 naga ritualists
  A lindwurm (Snake:4)
  28 harpies
  A deep elf mage (D:11)
  8 mana vipers
  16 elephants
  21 manticores
  19 salamanders
  2 cyclopes (Shoals:3)
  12 fauns
  11 merfolk sirens
  42 black mambas
  9 spiny frogs
  8 guardian serpents
  15 naga magi
  7 water nymphs
  3 rime drakes
  9 komodo dragons
  19 merfolk
  2 polar bears (Lair:6)
  4 wind drakes
  A slime creature (shapeshifter) (D:8)
  3 snapping turtles
  7 hippogriffs
  10 dream sheep
  10 blink frogs (Lair:6)
  A wraith (D:10)
  A spriggan (shapeshifter) (D:7)
  9 water elementals
  A shadow (D:11)
  3 wyverns
  46 yaks
  3 hogs
  Grum (D:8)
  A basilisk (D:11)
  Edmund (D:6)
  21 water moccasins
  An acid dragon (Lair:4)
  43 nagas
  21 porcupines
  Duvessa (D:6)
  2 sky beasts
  4 ice beasts
  10 orc warriors
  5 black bears
  6 ogres
  11 wolves
  3 phantoms
  A necrophage (D:6)
  6 centaurs
  10 crocodiles
  4 big kobolds
  3 gnoll sergeants
  14 bullfrogs
  Dowan (D:6)
  A wyvern skeleton (D:6)
  A troll zombie (D:8)
  3 scorpions
  6 killer bees
  7 wights
  3 electric eels
  3 howler monkeys
  2 centaur zombies
  3 jellies
  6 crimson imps
  A bullfrog zombie (D:11)
  3 human zombies (D:8)
  2 hounds (D:8)
  Crazy Yiuf (D:6)
  16 orc priests
  18 orc wizards
  5 bullfrog skeletons
  A gnoll shaman (D:5)
  3 centaur skeletons
  4 human skeletons (D:8)
  4 iguanas
  5 worker ants
  A centaur simulacrum (D:8)
  A bullfrog simulacrum (D:8)
  A hound zombie (D:5)
  A hound skeleton (D:5)
  2 mummies (D:8)
  A howler monkey skeleton (D:4)
  20 gnolls
  13 adders
  6 shadow imps
  A white imp (D:8)
  An adder skeleton (D:5)
  3 worms
  2 dart slugs
  An adder simulacrum (D:8)
  7 leopard geckos
  71 orcs
  6 bats (D:1)
  A giant cockroach (D:4)
  10 goblins
  5 hobgoblins
  12 jackals
  4 quokkas
  7 frilled lizards
  9 kobolds
  2 leopard gecko skeletons
  An orc zombie (D:8)
  A quokka simulacrum (D:8)
  2 rats
  A fungus (Lair:5)
913 creatures vanquished.

Vanquished Creatures (others)
  A merfolk javelineer (Shoals:2)
  A merfolk aquamancer (Shoals:4)
  3 fauns (Shoals:1)
  A blink frog (Lair:2)
  A killer bee (D:7)
  52 fungi (D:11)
  81 plants
140 creatures vanquished.

Grand Total: 1053 creatures vanquished

Notes
Turn   | Place    | Note
-------+----------+-------------------------------------------
     0 | D:1      | Kairos the Formicid Fighter began the quest for the Orb.
     0 | D:1      | Reached XP level 1. HP: 18/18 MP: 1/1
    85 | D:1      | Reached XP level 2. HP: 23/24 MP: 2/2
   287 | D:1      | Reached XP level 3. HP: 29/29 MP: 3/3
   347 | D:1      | You fall through a shaft!
   777 | D:1      | Reached XP level 4. HP: 32/37 MP: 4/4
   998 | D:1      | You fall through a shaft!
  1575 | D:3      | Reached XP level 5. HP: 41/42 MP: 5/5
  1810 | D:3      | Found a snail-covered altar of Cheibriados.
  2125 | D:4      | Reached XP level 6. HP: 31/48 MP: 6/6
  2237 | D:4      | Reached skill level 4 in Fighting
  2310 | D:4      | Found a hazy altar of Hepliaklqana.
  2370 | D:4      | Found a sparkling altar of Nemelex Xobeh.
  2503 | D:4      | Found a radiant altar of Vehumet.
  2527 | D:4      | Reached skill level 5 in Staves
  2685 | D:4      | Reached XP level 7. HP: 47/55 MP: 7/7
  2959 | D:5      | Entered Level 5 of the Dungeon
  3470 | D:5      | Found a staircase to the Ecumenical Temple.
  3492 | D:5      | Reached skill level 5 in Shields
  3531 | D:5      | Reached XP level 8. HP: 61/61 MP: 8/8
  3689 | D:5      | Found a blossoming altar of Fedhas.
  3700 | D:5      | Reached skill level 5 in Fighting
  3700 | D:5      | Reached skill level 5 in Armour
  3771 | D:5      | Found a shattered altar of Ashenzari.
  3976 | Temple   | Entered the Ecumenical Temple
  3991 | Temple   | Became a worshipper of Gozag Ym Sagoz the Greedy
  4355 | D:6      | Found a runed translucent door.
  4356 | D:6      | Noticed Crazy Yiuf
  4391 | D:6      | Found a stormy altar of Qazlal.
  4392 | D:6      | Found an iron altar of Okawaru.
  4392 | D:6      | Found a burning altar of Makhleb.
  4419 | D:6      | Noticed Duvessa
  4419 | D:6      | Noticed Dowan
  4420 | D:6      | Found a sacrificial altar of Ru.
  4430 | D:6      | Killed Duvessa
  5107 | D:6      | Noticed Edmund
  5123 | D:6      | Killed Edmund
  5123 | D:6      | Reached XP level 9. HP: 37/68 MP: 9/9
  5467 | D:6      | Killed Dowan
  5612 | D:6      | Reached skill level 1 in Stealth
  5979 | D:6      | Killed Crazy Yiuf
  6437 | D:7      | Reached skill level 6 in Fighting
  6516 | D:7      | Reached XP level 10. HP: 68/77 MP: 10/10
  7181 | D:8      | Noticed Gastronok
  7184 | D:7      | Gastronok changed into Gastronok the shapeshifter
  7186 | D:7      | Reached skill level 7 in Fighting
  7254 | D:8      | Reached skill level 10 in Staves
  7273 | D:8      | Noticed Erica
  7292 | D:8      | Killed Erica
  7310 | D:8      | Noticed Grum
  7332 | D:8      | Killed Grum
  7552 | D:8      | Found a runed translucent gate.
  7552 | D:8      | Found a runed translucent gate.
  7552 | D:8      | Found a runed translucent gate.
  7715 | D:8      | Found an ancient bone altar of Kikubaaqudgha.
  7839 | D:8      | Found a snail-covered altar of Cheibriados.
  7841 | D:8      | Found a shimmering altar of Xom.
  7874 | D:8      | Found a bloodstained altar of Trog.
  7874 | D:8      | Found a deep blue altar of Sif Muna.
  8067 | D:8      | Noticed Flogoulo's ghost (novice NaFi)
  8132 | D:8      | Killed Flogoulo's ghost
  8132 | D:8      | Reached XP level 11. HP: 62/85 MP: 11/11
  8277 | D:8      | Noticed a glowing shapeshifter
  8277 | D:8      | an ice beast changed into a glowing shapeshifter
  8277 | D:8      | Noticed a fire dragon
  8277 | D:8      | a glowing shapeshifter changed into a fire dragon
  8284 | D:8      | a fire dragon changed into a slime creature
  8482 | D:9      | Reached skill level 8 in Fighting
  8879 | D:9      | Got a pair of fine boots
  8890 | D:9      | Identified the +0 pair of boots of the Journeyman {MR+ MP+9
                  | SInv} (You found it on level 9 of the Dungeon)
  9411 | D:9      | Noticed a fire crab
  9411 | D:9      | a shapeshifter changed into a fire crab
  9415 | D:9      | Noticed an anaconda
  9415 | D:9      | a fire crab changed into an anaconda
  9435 | D:9      | Killed an anaconda
  9435 | D:9      | Reached skill level 1 in Dodging
  9460 | D:9      | Found a staircase to the Orcish Mines.
  9618 | D:9      | Found an ornate altar of the Wu Jian Council.
  9766 | D:10     | Entered Level 10 of the Dungeon
 10093 | D:10     | Noticed Erolcha
 10095 | D:10     | Noticed a three-headed hydra
 10112 | D:10     | Killed Erolcha
 10138 | D:10     | Reached XP level 12. HP: 40/94 MP: 12/12
 10262 | D:10     | Killed a three-headed hydra
 10681 | D:10     | Reached skill level 5 in Stealth
 10689 | D:10     | Reached skill level 9 in Fighting
 10893 | D:10     | Noticed Urug
 10913 | D:10     | Urug changed into Urug the glowing shapeshifter
 10913 | D:10     | Noticed Urug
 10913 | D:10     | Urug the glowing shapeshifter changed into Urug the
                  | two-headed ogre
 10916 | D:10     | Killed Urug the two-headed ogre
 10916 | D:10     | Reached skill level 10 in Shields
 11244 | D:10     | Found a deep blue altar of Sif Muna.
 11430 | D:11     | Found a bloodstained altar of Trog.
 11451 | D:11     | Noticed an eight-headed hydra
 11469 | D:11     | Killed an eight-headed hydra
 11545 | D:11     | Noticed Nergalle
 11771 | D:11     | Killed Nergalle
 12176 | D:11     | Noticed Snorg
 12474 | D:11     | Noticed Sonja
 12494 | D:11     | Killed Sonja
 12609 | D:11     | Reached skill level 10 in Fighting
 12648 | D:11     | Killed Snorg
 12648 | D:11     | Reached XP level 13. HP: 43/103 MP: 13/13
 12754 | D:11     | Reached skill level 10 in Armour
 12922 | D:11     | Found a staircase to the Lair.
 13081 | Lair:1   | Entered Level 1 of the Lair of Beasts
 13846 | Lair:2   | Found a staircase to the Snake Pit.
 13886 | Lair:2   | Reached skill level 11 in Fighting
 14988 | Lair:3   | Found a glowing silver altar of Zin.
 15732 | Lair:3   | Found a staircase to the Shoals.
 16011 | Lair:4   | Found a dark tunnel.
 16091 | Volcano  | Entered a volcano
 16285 | Volcano  | Found a bloodstained altar of Trog.
 16385 | Volcano  | Reached skill level 12 in Fighting
 16385 | Volcano  | Reached XP level 14. HP: 94/115 MP: 14/14
 17978 | Lair:5   | Reached skill level 13 in Fighting
 18123 | Lair:5   | Learned a level 3 spell: Regeneration
 18312 | Lair:6   | Entered Level 6 of the Lair of Beasts
 19262 | Lair:6   | Found a staircase to the Slime Pits.
 19580 | Lair:6   | Reached skill level 14 in Fighting
 19596 | Lair:6   | Reached XP level 15. HP: 84/126 MP: 15/15
 20355 | Snake:1  | Entered Level 1 of the Snake Pit
 20374 | Lair:2   | Bought a pair of polished gloves for 323 gold pieces
 20374 | Lair:2   | Bought a twitching copper amulet for 170 gold pieces
 20374 | Lair:2   | Bought a faintly humming plate armour for 952 gold pieces
 20384 | Lair:2   | Identified the +0 plate armour of Nuafrid {rPois MR+} (You
                  | bought it in a shop on level 2 of the Lair of Beasts)
 20389 | Lair:2   | Identified the +1 pair of gloves of the Villain {rN++
                  | Int+3} (You bought it in a shop on level 2 of the Lair of
                  | Beasts)
 20390 | Lair:2   | Identified the amulet "Eras" {Acrobat rF+} (You bought it
                  | in a shop on level 2 of the Lair of Beasts)
 20861 | Snake:1  | Reached skill level 15 in Fighting
 21968 | Snake:1  | Reached skill level 15 in Armour
 22618 | Snake:2  | Noticed Aizul
 23061 | Snake:1  | Killed Aizul
 23768 | Snake:2  | Reached XP level 16. HP: 132/136 MP: 16/16
 23813 | Snake:2  | Noticed Vashnia
 23836 | Snake:2  | Killed Vashnia
 24123 | Snake:2  | Reached skill level 16 in Fighting
 24994 | Snake:3  | Found Kaihy's Jewellery Boutique.
 25557 | Snake:3  | Noticed a nagaraja
 25567 | Snake:3  | Killed a nagaraja
 26297 | Snake:4  | Entered Level 4 of the Snake Pit
 26892 | Snake:4  | Found Afaerchar's Book Boutique.
 26895 | Snake:4  | Found Weocwi's Book Shop.
 26895 | Snake:4  | Found Bosk's Distillery.
 26900 | Snake:4  | Found Pesonede's Food Shop.
 26916 | Snake:4  | Bought a potion of heal wounds for 60 gold pieces
 26916 | Snake:4  | Bought a potion of mutation for 96 gold pieces
 27044 | Snake:4  | Noticed a nagaraja
 27055 | Snake:4  | Killed a nagaraja
 27055 | Snake:4  | Reached XP level 17. HP: 113/146 MP: 17/17
 27198 | Snake:4  | Noticed Saint Roka
 27250 | Snake:4  | Killed Saint Roka
 27658 | Snake:4  | Reached skill level 1 in Evocations
 27711 | Snake:4  | Reached skill level 17 in Fighting
 28002 | Snake:4  | Reached skill level 15 in Shields
 28258 | Snake:4  | Reached skill level 1 in Charms
 28577 | Snake:4  | Reached skill level 1 in Spellcasting
 28577 | Snake:4  | Reached skill level 1 in Necromancy
 29963 | Snake:4  | Reached XP level 18. HP: 143/155 MP: 24/24
 30002 | Snake:4  | Got a serpentine rune of Zot
 30264 | Snake:4  | Bought a potion of cancellation for 96 gold pieces
 30264 | Snake:4  | Bought a potion of resistance for 120 gold pieces
 30264 | Snake:4  | Bought a potion of brilliance for 48 gold pieces
 30264 | Snake:4  | Bought 2 potions of ambrosia for 192 gold pieces
 30277 | Snake:4  | Bought a ration for 65 gold pieces
 30277 | Snake:4  | Bought a ration for 65 gold pieces
 30277 | Snake:4  | Bought a ration for 65 gold pieces
 30277 | Snake:4  | Bought a ration for 65 gold pieces
 30445 | Shoals:1 | Entered Level 1 of the Shoals
 30609 | Shoals:1 | Reached skill level 5 in Spellcasting
 30633 | Shoals:1 | Reached skill level 5 in Necromancy
 30653 | Shoals:1 | Reached skill level 5 in Charms
 30994 | Shoals:1 | You fall through a shaft!
 30994 | Shoals:2 | Noticed Ilsuiw
 31062 | Shoals:2 | Killed Ilsuiw
 31428 | Shoals:2 | Reached skill level 5 in Dodging
 33795 | Shoals:3 | Reached XP level 19. HP: 133/161 MP: 30/30
 34052 | Shoals:3 | Noticed a titan
 34085 | Shoals:3 | Killed a titan
 34373 | Shoals:4 | Entered Level 4 of the Shoals
 34480 | Shoals:4 | Noticed Kirke
 34514 | Shoals:3 | Gained mutation: You passively map a small area around you.
                  | [potion of mutation]
 34514 | Shoals:3 | Gained mutation: Your body sometimes deteriorates upon
                  | taking damage. [potion of mutation]
 34514 | Shoals:3 | Gained mutation: You are frail. (-10% HP) [potion of
                  | mutation]
 34514 | Shoals:3 | Gained mutation: You passively map the area around you.
                  | [potion of mutation]
 34790 | Shoals:3 | Killed Kirke
 35096 | Shoals:3 | HP: 1/146 [drowned by a water elemental (9)]
 35097 | Shoals:3 | Drowned by a water elemental

Skill      XL: |  1  2  3  4  5  6  7  8  9 10 11 12 13 14 15 16 17 18 19 |
---------------+----------------------------------------------------------+-----
Shields        | 4 5 6 7 8 9 10 11 14 15 | 15.0
Staves         | 3 4 5 6 7 9 10 12 13 | 13.9
Armour         | 4 5 6 7 8 9 12 14 15 16 | 16.8
Fighting       | 4 5 6 7 8 10 12 14 15 16 17 | 17.8
Stealth        | 1 3 4 5 |  5.4
Dodging        | 1 3 4 5 |  5.5
Evocations     | 1 |  1.1
Charms         | 4 7 |  7.7
Spellcasting   | 4 7 8 |  8.5
Necromancy     | 4 7 |  7.5
Polearms       | |  0.3

Action                   |  1- 3 |  4- 6 |  7- 9 | 10-12 | 13-15 | 16-18 | 19-21 || total
-------------------------+-------+-------+-------+-------+-------+-------+-------++-------
Melee: Quarterstaff      |   110 |   134 |   343 |   833 |   424 |       |       ||  1844
       Glaive            |       |       |       |    13 |       |       |       ||    13
       Lajatang          |       |       |       |       |   824 |  1433 |   206 ||  2463
 Cast: Regeneration      |       |       |       |       |       |    18 |    23 ||    41
Invok: Call Merchant     |       |       |       |       |     4 |     1 |       ||     5
       Potion Petition   |       |       |       |       |       |     3 |       ||     3
 Abil: Shaft Self        |       |     1 |       |       |       |       |       ||     1
       Dig               |       |     2 |     8 |    14 |    26 |    19 |     6 ||    75
Evoke: Wand              |       |       |       |       |       |     2 |       ||     2
  Use: Scroll            |     3 |     6 |     3 |       |     9 |     8 |       ||    29
       Potion            |       |       |       |     4 |     1 |     4 |     3 ||    12
 Stab: Paralysed         |       |       |     2 |    18 |     6 |       |       ||    26
       Confused          |       |       |       |     6 |     1 |       |       ||     7
       Petrified         |       |       |       |     1 |     6 |       |       ||     7
       Petrifying        |       |       |       |     4 |     2 |       |       ||     6
       Distracted        |       |       |       |       |     2 |     5 |     1 ||     8
       Invisible         |       |       |       |       |       |     5 |       ||     5
  Eat: Chunk             |       |     7 |     4 |       |       |       |       ||    11
       Ration            |       |       |     3 |     6 |    13 |    10 |     2 ||    34
Armor: Scale mail        |     6 |       |     5 |     3 |       |       |       ||    14
       Plate armour      |    73 |    59 |   128 |   196 |   176 |   311 |    93 ||  1036
       Chain mail        |       |       |       |       |   113 |       |       ||   113
Dodge: Dodged            |    41 |    19 |    51 |   128 |   222 |   249 |    72 ||   782
Block: Shield            |    63 |    44 |   174 |   282 |   433 |       |       ||   996
       Reflection        |       |       |       |       |    22 |   138 |     6 ||   166
       Large shield      |       |       |       |       |   179 |  1257 |   267 ||  1703
